 Dungeon Crawl Stone Soup version 0.18-a0-1413-g4eaa9ac (webtiles) character file.

3756 dvd the Thaumaturge (level 9, -15/47 HPs)
             Began as a Deep Elf Fire Elementalist on Feb 25, 2016.
             Was an Initiate of Vehumet.
             Demolished by a white ugly thing (27 damage)
             ... on level 7 of the Dungeon.
             The game lasted 00:27:05 (8307 turns).

dvd the Thaumaturge (Deep Elf Fire Elementalist)    Turns: 8307, Time: 00:27:06

Health: -15/47     AC:  5    Str:  5    XL:     9   Next: 94%
Magic:  20/34      EV: 16    Int: 24    God:    Vehumet [......]
Gold:   196        SH:  3    Dex: 18    Spells: 4 memorised, 17 levels left

rFire  . . .     SeeInvis .     u - +2 short sword (venom)
rCold  . . .     Gourm    .     a - +0 robe
rNeg   . . .     Faith    .     (no shield)
rPois  .         Spirit   .     y - +1 helmet
rElec  .         Dismiss  .     (no cloak)
rCorr  .         Reflect  +     p - +0 pair of gloves
SustAt .         Harm     .     (no boots)
MR     .....                    E - +3 amulet of reflection
Stlth  +++.......               B - ring of magical power
                                N - +3 ring of dexterity

@: not resistant to hostile enchantments, fairly stealthy
A: no striking features
a: Renounce Religion


You were on level 7 of the Dungeon.
You worshipped Vehumet.
Vehumet was noncommittal.
You were not hungry.

You visited 2 branches of the dungeon, and saw 8 of its levels.

You collected 241 gold pieces.
You spent 45 gold pieces at shops.

Inventory:

Hand Weapons
 n - a +1 short sword of speed
 u - a +2 short sword of venom (weapon)
 M - a +0 dagger of speed
Missiles
 i - 208 stones (quivered)
Armour
 a - a +0 robe (worn)
 p - a +0 pair of gloves (worn)
 y - a +1 helmet (worn)
Magical Staves
 t - an uncursed staff of death
Jewellery
 B - a ring of magical power (right hand)
 E - a +3 amulet of reflection (around neck)
 F - an uncursed ring of stealth
 N - a +3 ring of dexterity (left hand)
Wands
 J - a wand of slowing (44/48)
Scrolls
 k - 3 scrolls of remove curse
 m - 2 scrolls of enchant weapon
 o - 3 scrolls of identify
 q - a scroll of teleportation
 w - 2 scrolls of fear
 A - 2 scrolls of recharging
Potions
 d - a potion of flight {unknown}
 e - 3 potions of haste
 g - a potion of resistance {unknown}
 j - a potion of brilliance {unknown}
 l - 3 potions of curing {unknown}
 z - a potion of heal wounds
 C - 3 potions of might
 D - a potion of magic
 G - a potion of mutation
Books
 b - a book of Flames

   Spells                             Type                      Level
   a - Flame Tongue                   Conjuration/Fire             1
   b - Throw Flame                    Conjuration/Fire             2
   c - Conjure Flame                  Conjuration/Fire             3
   d - Inner Flame                    Hexes/Fire                   3
   e - Sticky Flame                   Conjuration/Fire             4
   f - Fireball                       Conjuration/Fire             5
Comestibles
 c - 5 bread rations
 h - 3 meat rations
 s - 2 beef jerkies
 K - 2 fruits
 L - 2 royal jellies


   Skills:
 + Level 1.4 Fighting
 + Level 1.5 Short Blades
 + Level 5.9 Dodging
 + Level 4.5 Stealth
 + Level 10.7 Spellcasting
 + Level 7.5 Conjurations
 + Level 8.9 Fire Magic


You had 17 spell levels left.
You knew the following spells:

 Your Spells              Type           Power        Failure   Level  Hunger
a - Flame Tongue          Conj/Fire      #####        1%          1    None
b - Throw Flame           Conj/Fire      ######       1%          2    None
c - Sticky Flame          Conj/Fire      ######..     1%          4    None
d - Fireball              Conj/Fire      ######....   6%          5    ####...


Dungeon Overview and Level Annotations

Branches:
Dungeon (7/15)             Temple (1/1) D:6

Altars:
Ashenzari
Cheibriados
Dithmenos
Elyvilon
Fedhas
Gozag
Kikubaaqudgha
Makhleb
Nemelex Xobeh
Okawaru
Pakellas
Qazlal
Ru
Sif Muna
Trog
Vehumet
Xom
Yredelemnul
Zin
The Shining One

Shops:
D:5 !


Message History

The flame tongue hits the white ugly thing.
The white ugly thing appears unharmed.
The white ugly thing is heavily wounded.
Casting: Flame Tongue
Confirm with . or Enter, or press ? or * to list all spells.
Aiming: Sticky Flame
Press: ? - help, Shift-Dir - straight line, f/p - white ugly thing
Aim: a white ugly thing (heavily wounded)
The sticky flame hits the white ugly thing.
The white ugly thing is heavily wounded.
The white ugly thing is covered in liquid flames!
The white ugly thing burns!
The white ugly thing gores you! The white ugly thing freezes you!!
The white ugly thing burns!
All of the chunks of flesh in your inventory have rotted away.
The white ugly thing burns!
The white ugly thing gores you.
* * * LOW HITPOINT WARNING * * *
The white ugly thing freezes you!!
Ouch! That really hurt!
You die...

.........# # ..........
.........#.# ###.......
.........#...............
..............###........
.........##...# #........
.........##...# #........
.........##...# #........
+#######u##...# #........
#@##...# #####+#.#
#......# #.... ######.#
###.. #.# #.. #.# #..
#.#########..
#......††....
###########.# #.#


You could see a white ugly thing (burning).

Vanquished Creatures
  The ghost of yogakurto the Ducker, a novice HuBe of Trog (D:6)
  Pikel (D:5)
  Grinder (D:6)
  Sigmund (D:3)
  Eustachio (D:5)
  A hippogriff (D:7)
  4 centaurs
  A sky beast (D:6)
  A phantom (D:4)
  A slave (D:5)
  An ogre (D:6)
  3 orc warriors
  Blork the orc (D:4)
  2 giant frogs (D:7)
  A scorpion (D:5)
  4 killer bees
  A howler monkey (D:6)
  A crimson imp (D:4)
  A giant frog zombie (D:6)
  A hound (D:5)
  3 orc priests
  A giant frog skeleton (D:4)
  6 worker ants
  An iguana (D:6)
  6 orc wizards
  A hound skeleton (D:6)
  A hound zombie (D:6)
  Robin (D:3)
  7 adders
  10 gnolls
  A howler monkey skeleton (D:5)
  A shadow imp (D:6)
  4 oozes
  An adder zombie (D:6)
  A worm (D:4)
  A dart slug (D:1)
  A giant gecko (D:1)
  19 orcs
  A ball python (D:1)
  10 giant cockroaches
  13 hobgoblins
  11 jackals
  12 kobolds
  3 quokkas
  4 bats
  A giant gecko skeleton (D:4)
  5 giant newts
  8 goblins
  A jackal zombie (D:7)
  A quokka skeleton (D:5)
  5 rats
  2 butterflies (D:5)
172 creatures vanquished.

Vanquished Creatures (others)
  A slave (D:5)
1 creature vanquished.

Grand Total: 173 creatures vanquished

Notes
Turn   | Place    | Note
--------------------------------------------------------------
     0 | D:1      | dvd the Deep Elf Fire Elementalist began the quest for the Orb.
     0 | D:1      | Reached XP level 1. HP: 10/10 MP: 6/6
    68 | D:1      | Reached XP level 2. HP: 15/15 MP: 5/8
   239 | D:1      | Learned a level 2 spell: Throw Flame
   250 | D:1      | Reached XP level 3. HP: 19/19 MP: 8/10
  1136 | D:2      | Reached skill level 4 in Spellcasting
  1155 | D:2      | Found a sparkling altar of Nemelex Xobeh.
  1156 | D:2      | Found an opulent altar of Gozag.
  1293 | D:2      | Reached XP level 4. HP: 24/24 MP: 8/12
  1849 | D:2      | Found a deep blue altar of Sif Muna.
  2067 | D:3      | Learned a level 4 spell: Sticky Flame
  2108 | D:3      | Found a shattered altar of Ashenzari.
  2320 | D:3      | Found an ancient bone altar of Kikubaaqudgha.
  2365 | D:3      | Noticed Sigmund
  2372 | D:3      | Killed Sigmund
  2372 | D:3      | Reached skill level 5 in Fire Magic
  2372 | D:3      | Reached XP level 5. HP: 28/28 MP: 3/14
  2375 | D:3      | Noticed Robin
  2449 | D:2      | Reached XP level 6. HP: 11/32 MP: 1/15
  3055 | D:3      | Killed Robin
  3322 | D:4      | Learned a level 5 spell: Fireball
  3341 | D:4      | Reached skill level 5 in Spellcasting
  3806 | D:4      | Noticed Blork the orc
  3821 | D:4      | Reached XP level 7. HP: 36/36 MP: 1/17
  3938 | D:4      | Killed Blork the orc
  3938 | D:4      | Reached skill level 1 in Short Blades
  4427 | D:4      | Reached skill level 6 in Spellcasting
  4549 | D:4      | Found a white marble altar of Elyvilon.
  4553 | D:4      | Got a steaming dagger
  4554 | D:4      | Lost strength.
  4554 | D:4      | Identified the cursed +0 dagger of Departure {antimagic, rN+ Str-5 SInv} (You found it on level 4 of the Dungeon)
  4742 | D:4      | Found a basalt altar of Yredelemnul.
  4956 | D:5      | Entered Level 5 of the Dungeon
  5077 | D:5      | Reached skill level 1 in Fighting
  5179 | D:5      | Found Kisiar's Distillery.
  5182 | D:5      | Bought a potion of degeneration for 13 gold pieces
  5182 | D:5      | Bought a potion of mutation for 32 gold pieces
  5361 | D:5      | Found a glowing golden altar of the Shining One.
  5449 | D:5      | Found a snail-covered altar of Cheibriados.
  5456 | D:5      | Noticed Pikel
  5523 | D:5      | Killed Pikel
  5523 | D:5      | Reached skill level 7 in Spellcasting
  5523 | D:5      | Reached XP level 8. HP: 23/43 MP: 11/21
  5615 | D:5      | Noticed Eustachio
  5623 | D:5      | Killed Eustachio
  5623 | D:5      | Reached skill level 5 in Conjurations
  5806 | D:5      | Found a runed door.
  5809 | D:5      | Found a runed door.
  5812 | D:5      | Reached skill level 8 in Spellcasting
  6519 | D:6      | Reached skill level 5 in Dodging
  6632 | D:6      | Noticed an angel
  6633 | D:6      | Found a glowing silver altar of Zin.
  6635 | D:6      | Found a shimmering altar of Xom.
  6661 | D:6      | Reached XP level 9. HP: 47/47 MP: 17/23
  6682 | D:6      | Reached skill level 9 in Spellcasting
  6896 | D:6      | Found a staircase to the Ecumenical Temple.
  6912 | Temple   | Entered the Ecumenical Temple
  7134 | D:6      | Found a radiant altar of Vehumet.
  7139 | D:6      | Found a shadowy altar of Dithmenos.
  7144 | D:6      | Became a worshipper of Vehumet
  7174 | D:6      | Noticed Grinder
  7185 | D:6      | Paralysed by Grinder for 3 turns
  7190 | D:6      | Killed Grinder
  7296 | D:6      | Noticed yogakurto's ghost (novice HuBe)
  7311 | D:6      | Killed yogakurto's ghost
  7743 | D:6      | Reached skill level 10 in Spellcasting
  8299 | D:7      | Noticed a white ugly thing
  8307 | D:7      | Demolished by a white ugly thing

Vault maps used:
D:1:      dpeg_arrival_court
D:2:      grunt_temple_overflow_opulence, first_bread, led_sif_pool
D:3:      lemuel_round_altar, kiku_gazebo_pond_becter, uniq_sigmund, uniq_robin
D:4:      kennysheep_ying_yang, uniq_blork_the_orc
D:5:      lemuel_insect_pit, old_standard_altar, tso_altar, serial_shops,
          kennysheep_mini, uniq_eustachio, uniq_pikel
D:6:      grunt_temple_overflow_order_and_chaos_1, grunt_temple_overflow_open,
          minmay_temple_entry_statues_fountains, uniq_grinder
D:7:      forest_paths
Temple:   minmay_temple_bridge_d_8

Skill      XL: |  1  2  3  4  5  6  7  8  9 |
---------------+----------------------------+-----
Fire Magic     | 4 5 6 7 8 |  8.9
Spellcasting   | 4 5 7 8 10 | 10.7
Stealth        | 3 4 |  4.5
Conjurations   | 3 4 5 7 |  7.5
Dodging        | 3 4 5 |  5.9
Short Blades   | 1 |  1.5
Fighting       | 1 |  1.4

Action                   |  1- 3 |  4- 6 |  7- 9 || total
-------------------------+-------+-------+-------++-------
Melee: Unarmed           |     1 |       |       ||     1
       Short sword       |       |    68 |    36 ||   104
       Staff             |       |    16 |       ||    16
 Cast: Flame Tongue      |    56 |    54 |    61 ||   171
       Throw Flame       |     5 |    39 |    88 ||   132
       Sticky Flame      |       |     3 |    24 ||    27
       Fireball          |       |       |     9 ||     9
  Use: Scroll            |       |       |    12 ||    12
       Potion            |       |       |     4 ||     4
 Stab: Sleeping          |       |       |     1 ||     1
  Eat: Chunk             |     1 |     8 |    16 ||    25
       Pizza             |       |       |     1 ||     1
